 Dungeon Crawl Stone Soup version 0.29.1-2-gbd0b4ee654 (webtiles) character file.

Game seed: 4504908293840243991

266094 funnyparkerb the Acrobat (level 19, -25/97 HPs)
             Began as a Felid Summoner on Nov 4, 2022.
             Was an Initiate of Gozag.
             Annihilated by an ettin
             ... wielding a +0 dire flail
              (27 damage)
             ... on level 2 of the Depths.
             The game lasted 03:06:18 (85568 turns).

funnyparkerb the Acrobat (Felid Summoner)          Turns: 85568, Time: 03:06:19

Health: -25/97     AC: 18    Str:  3    XL:     19   Next: 31%
Magic:  38/46      EV: 42    Int: 29    God:    Gozag
Gold:   6232       SH:  5    Dex: 18    Spells: 3/44 levels left
                                        Lives:  0   Deaths: 5

rFire   . . .      SeeInvis +     - Unarmed
rCold   + + .      Faith    .   (shield unavailable)
rNeg    . . .      Spirit   .   (body armour unavailable)
rPois   ∞          Reflect  +   (helmet unavailable)
rElec   +          Harm     .   (cloak unavailable)
rCorr   .          Rampage  .   (gloves unavailable)
Will    ++...                   (boots unavailable)
Stlth   ++........              v - amulet of Reimbursement {Reflect Fly rC+ Str-5 SH+5}
HPRegen 0.26/turn               J - +6 ring of intelligence
MPRegen 0.30/turn               x - ring of Eluxt {Drain rC+ MP+9 Str+4 Slay+5}

@: storm-form, forested, gold aura, flying, invisible
A: cleaving, insubstantial, flying, very small, (claws 1), (fangs 3), see
invisible, (speed 1), (shaggy fur 3), (stealthy paws), no weapons or thrown
items, no armour, multi-lived
}: 2/15 runes: decaying, gossamer
a: Blinkbolt, End Transformation, Renounce Religion, Potion Petition, Call
Merchant, Bribe Branch


You were on level 2 of the Depths.
You worshipped Gozag.
Gozag was greatly pleased with you.
You were a lightning-filled tempest!
You visited 9 branches of the dungeon, and saw 40 of its levels.
You visited 1 bazaar.
You also visited: Ossuary.

You collected 19290 gold pieces.
You spent 4817 gold pieces at shops.
You paid 8241 gold pieces to Gozag.

Inventory:

Jewellery
 k - a +4 ring of slaying
 l - a ring of protection from cold
 u - a ring of protection from fire
 v - the amulet of Reimbursement (around neck) {Reflect Fly rC+ Str-5 SH+5}
   (You bought it in a shop in a bazaar)

   [amulet of reflection]

   It reflects blocked missile attacks.
   Str:       It affects your strength (-5).
   rC:        It protects you from cold.
   Fly:       It grants you flight.
   SH:        It affects your SH (+5).
 x - the ring of Eluxt (right paw) {Drain rC+ MP+9 Str+4 Slay+5}
   (You bought it in a shop in a bazaar)

   [ring of protection from cold]

   Str:       It affects your strength (+4).
   Slay:      It affects your accuracy & damage with ranged weapons and melee
   (+5).
   rC:        It protects you from cold.
   MP:        It affects your magic capacity (+9).
   Drain:     It drains your maximum health when unequipped.
 A - an amulet of reflection
 D - the ring "Yzyeh" {Ice Will+ Slay+5}
   (You took it off Josephina on level 2 of the Depths)

   [ring of ice]

   It enhances your ice magic.
   Slay:      It affects your accuracy & damage with ranged weapons and melee
   (+5).
   rF:        It makes you vulnerable to fire.
   rC:        It protects you from cold.
   Will:      It increases your willpower.
 J - a +6 ring of intelligence (left paw)
 R - a +6 ring of intelligence
 X - a ring of protection from fire
Wands
 e - a wand of polymorph (20)
 f - a wand of flame (52)
 q - a wand of iceblast (14)
 y - a wand of light (11)
 F - a wand of mindburst (33)
 H - a wand of charming (31)
 S - a wand of digging (7)
Scrolls
 i - 12 scrolls of teleportation
 m - 2 scrolls of amnesia
 o - 6 scrolls of poison
 p - 6 scrolls of immolation
 r - 18 scrolls of fear
 s - 8 scrolls of noise
 w - 3 scrolls of fog
 C - 5 scrolls of magic mapping
 E - 3 scrolls of summoning
 I - 5 scrolls of torment
 K - 5 scrolls of vulnerability
 T - a scroll of silence
Potions
 a - a potion of magic
 b - 9 potions of might
 c - 14 potions of curing
 d - 4 potions of invisibility
 g - 6 potions of cancellation
 h - 6 potions of berserk rage
 j - 8 potions of lignification
 n - 7 potions of resistance
 z - 9 potions of ambrosia
 G - 5 potions of flight
 L - 5 potions of haste
 M - a potion of heal wounds
 N - 5 potions of attraction
 O - 9 potions of mutation
Miscellaneous
 B - a tin of tremorstones (2/2)


   Skills:
 + Level 18.2 Fighting
 - Level 21.0 Dodging
 - Level 3.1 Stealth
 + Level 16.3 Unarmed Combat
 + Level 13.3 Spellcasting
 - Level 8.0 Hexes
 - Level 10.0 Summonings
 - Level 5.0 Necromancy
 - Level 15.0 Translocations
 - Level 16.0 Transmutations
 - Level 16.0 Air Magic


You had 3 spell levels left.
You knew the following spells:

 Your Spells              Type           Power      Damage    Failure   Level
a - Summon Mana Viper     Hex/Summ       64%        N/A       1%          5
b - Storm Form            Tmut/Air       42%        N/A       3%          7
c - Manifold Assault      Tloc           82%        N/A       1%          5
d - Summon Guardian Gole  Hex/Summ       64%        N/A       1%          3
e - Blink                 Tloc           100%       N/A       0%          2
f - Summon Lightning Spi  Summ/Air       76%        N/A       1%          4
g - Anguish               Hex/Necr       27%        N/A       1%          4
h - Summon Forest         Summ/Tloc      37%        N/A       1%          5
i - Summon Cactus Giant   Summ           33%        N/A       7%          6

Your spell library contained the following spells:

 Spells                   Type           Power      Damage    Failure   Level
 Apportation              Tloc           100%       N/A       0%          1
 Gell's Gravitas          Tloc           82%        N/A       0%          3
 Lesser Beckoning         Tloc           82%        N/A       0%          3
 Swiftness                Air            84%        N/A       0%          3
 Teleport Other           Tloc           82%        N/A       0%          3
 Necrotise                Necr           100%       1d9       1%          1
 Summon Small Mammal      Summ           100%       N/A       1%          1
 Call Imp                 Summ           67%        N/A       1%          2
 Ensorcelled Hibernation  Hex/Ice        84%        N/A       1%          2
 Passwall                 Tmut/Erth      50%        N/A       1%          2
 Poisonous Vapours        Pois/Air       100%       N/A       1%          2
 Call Canine Familiar     Summ           67%        N/A       1%          3
 Confusing Touch          Hex            60%        N/A       1%          3
 Ignite Poison            Fire/Tmut/Pois 50%        N/A       1%          3
 Mephitic Cloud           Conj/Pois/Air  50%        N/A       1%          3
 Spider Form              Tmut/Pois      60%        N/A       1%          3
 Vampiric Draining        Necr           48%        2d9       1%          3
 Sandblast                Erth           38%        2d10      2%          1
 Ozocubu's Armour         Ice            19%        N/A       8%          3
 Stone Arrow              Conj/Erth      38%        3d9       8%          3
 Cause Fear               Hex            30%        N/A       1%          4
 Petrify                  Tmut/Erth      60%        N/A       1%          4
 Blade Hands              Tmut           42%        N/A       1%          5
 Yara's Violent Unravell  Hex/Tmut       36%        3d15      1%          5
 Alistair's Intoxication  Tmut/Pois      40%        N/A       2%          5
 Dispel Undead            Necr           48%        3d18      3%          4
 Summon Ice Beast         Ice/Summ       48%        N/A       3%          4
 Dragon Form              Tmut           42%        N/A       3%          7
 Freezing Cloud           Conj/Ice/Air   25%        6-21      9%          5
 Agony                    Necr           48%        N/A       10%         5
 Metabolic Englaciation   Hex/Ice        21%        N/A       14%         5
 Conjure Ball Lightning   Conj/Air       30%        3x3d10    16%         6
 Eringya's Noxious Bog    Tmut/Pois      30%        N/A       16%         6
 Statue Form              Tmut/Erth      40%        N/A       16%         6
 Maxwell's Capacitive Co  Air            42%        ∞         24%         8
 Olgreb's Toxic Radiance  Pois           19%        N/A       26%         4
 Monstrous Menagerie      Summ           33%        N/A       36%         7
 Summon Hydra             Summ           33%        N/A       36%         7
 Death Channel            Necr           24%        N/A       45%         6
 Fireball                 Conj/Fire      9%         3d6       58%         5
 Iskenderun's Battlesphe  Conj           19%        2d7       58%         5
 Enfeeble                 Hex            30%        N/A       63%         7
 Necromutation            Tmut/Necr      34%        N/A       93%         8
 Spellforged Servitor     Conj/Summ      24%        N/A       96%         7
 Iron Shot                Conj/Erth      9%         9d3       99%         6
 Orb of Destruction       Conj           9%         9d6       100%        7
 Ozocubu's Refrigeration  Ice            9%         4d9       100%        7
 Ignition                 Fire           9%         3d5       100%        8
 Dragon's Call            Summ           33%        N/A       100%        9
 Corpse Rot               Necr/Pois/Air  Unusable   N/A       N/A         4
 Animate Armour           Summ/Erth      Unusable   N/A       N/A         4
 Simulacrum               Ice/Necr       Unusable   N/A       N/A         6

Dungeon Overview and Level Annotations

Branches:
Dungeon (15/15)            Temple (1/1) D:7            Lair (5/5) D:10
  Swamp (4/4) Lair:2       Spider (4/4) Lair:3        Slime (0/5) Lair:4
    Orc (2/2) D:12            Elf (2/3) Orc:2        Vaults (4/5) D:13
  Crypt (0/3) Vaults:3     Depths (3/4) D:15        Ossuary (visited)

Altars:
Ashenzari
Cheibriados
Dithmenos
Elyvilon
Fedhas
Gozag
Hepliaklqana
Kikubaaqudgha
Makhleb
Nemelex Xobeh
Okawaru
Qazlal
Ru
Sif Muna
Trog
Uskayaw
Vehumet
Wu Jian
Xom
Yredelemnul
Zin
The Shining One
Lugonu

Shops:
D:2 *   D:10 *   D:13 *   D:15 ?::   Orc:1 *   Orc:2 !=:(   Elf:2 [   Lair:1 :
Lair:3 ?   Swamp:3 :   Spider:2 :   Vaults:3 *   Vaults:4 ![:*   Depths:2 =

Portals:
Hell: Depths:1 Depths:2
Abyss: Depths:2
Pandemonium: Depths:1 Depths:2
Ziggurat: Depths:1

Annotations:
D:7 2 transporters, KittyFluff's ghost, novice GrBe
D:9 1 exclusion
D:14 exclusion: orange crystal statue
Spider:4 Roxanne
Elf:2 1 runed translucent door, Cuucabuana's ghost, veteran MiGl
Vaults:1 exclusion: door
Depths:1 1 runed translucent door


Innate Abilities, Weirdness & Mutations

You are a lightning-filled tempest!
Your electrical attacks strike out in all directions at once.
You are incredibly evasive.
Your insubstantial body is immune to petrification, constriction, and being set on fire You are flying.
You are immune to poison.
((You have sharp claws.))
((You have razor-sharp teeth.))
You have supernaturally acute eyesight. (SInv)
((You cover ground quickly. (Speed+)))
((Your thick and shaggy fur keeps you warm. (AC +3, rC+)))
((Your paws help you pounce on unaware monsters.))
You are incapable of wielding weapons or throwing items.
You cannot wear armour.
You gain extra lives every three experience levels.


Message History

Your snaplasher vine grabs the salamander.
Your snaplasher vine hits the salamander!
Your snaplasher vine constricts the salamander.
You feel roots moving beneath the ground.
Your snaplasher vine loses its grip on the salamander.
The vine drags the salamander backwards!
Your snaplasher vine barely misses the salamander. x2
The salamander completely misses you.
Casting: Summon Forest (mildly dangerous; 1% risk of failure)
Confirm with . or Enter, or press ? or * to list all spells.
A tree reaches out and hits the salamander!
Your snaplasher vine grabs the salamander.
Your snaplasher vine hits the salamander.
Your snaplasher vine constricts the salamander.
The ettin completely misses you.
The ettin hits you with a +3 dire flail!!!
* * * LOW HITPOINT WARNING * * *
The salamander hits your snaplasher vine with a +0 glaive!
Your snaplasher vine is engulfed in flames!
Your snaplasher vine is destroyed!
Okay, then.
As you read the scroll of fog, it crumbles to dust.
The scroll dissolves into smoke.
A root smacks the salamander from below!
Your snaplasher vine hits the ettin!
The ettin completely misses you. The ettin misses you.
The salamander hits your dryad with a +0 glaive!!
Your dryad is engulfed in flames!
Your dryad is burned terribly!
Your dryad hits the salamander.
Your snaplasher vine hits the ettin!
Unknown command.
You feel a bit more experienced.
Your snaplasher vine barely misses the ettin.
Your cactus giant hits the ettin with a +0 giant spiked club!
The ettin attacks as you move away! You block the ettin's attack.
The ettin completely misses you.
Your snaplasher vine hits the ettin.
You fade into invisibility!
The ettin hits you with a +0 dire flail!!
You die...
Your body crumbles into a pile of gold.

#.[[$≈~♣.............
♣♣.$>∩≈~..♣...........
♣...[$≈~..♣...........
#♣──.$R................
#...\.N♣...............
#..§C\§§...............
#..§§§V§§..............
#..§§§C§§......∩.......
#..§§♣v.♣..............
#..§§................?.
#......................
##.................<...
#.....................
#.....................
#.................[...
#.....................
#.................)...


You could see an ettin (unable to see you, ally target).

Vanquished Creatures
  Sojobo (Vaults:3)
  Josephina (Depths:2)
  Bai Suzhen (Swamp:4)
  Frederick (Vaults:3)
  A bone dragon (Vaults:1)
  A walking crystal tome (Depths:2)
  2 tentacled monstrosities
  A walking earthen tome (Depths:2)
  3 liches
  A quicksilver dragon (Vaults:4)
  A shadow dragon (Depths:2)
  4 sphinxes
  2 tengu reavers
  A fire giant (Depths:2)
  2 fenstrider witches (Swamp:4)
  4 frost giants
  2 orc warlords
  4 vault wardens
  An iron dragon (Vaults:4)
  2 emperor scorpions (Spider:4)
  6 ghost moths
  8 ironbound preservers
  8 very ugly things
  A broodmother (Spider:2)
  A war gargoyle (Vaults:2)
  A juggernaut skeleton (Vaults:1)
  An ironbound thunderhulk (Vaults:4)
  3 vampire knights
  2 eleionomae (Swamp:4)
  4 bunyips
  2 entropy weavers
  9 dire elephants
  7 spark wasps
  A green death (Swamp:4)
  A quicksilver dragon zombie (Depths:2)
  5 fire dragons
  4 deep elf high priests
  3 ettins
  4 ice dragons
  12 yaktaur captains
  2 shambling mangroves (Swamp:4)
  3 great orbs of eyes
  6 hydras
  3 rakshasas
  4 ghost crabs
  4 vault guards
  A caustic shrike simulacrum (Depths:2)
  3 jorogumos
  An ogre mage (Vaults:1)
  2 spriggan air magi
  2 boulder beetles
  A peacekeeper (Vaults:3)
  5 centaur warriors (Vaults:1)
  6 ironbound frosthearts
  A juggernaut simulacrum (Vaults:1)
  5 alligators
  A deep troll shaman (Depths:2)
  9 dancing weapons
  2 deep troll earth magi (Depths:2)
  6 spriggan berserkers
  8 hell knights
  7 deep elf knights
  2 spriggans (Swamp:4)
  2 storm dragon zombies (Depths:2)
  An iron troll (Depths:2)
  2 skeletal warriors (Vaults:3)
  4 pharaoh ants
  2 titan skeletons
  A salamander mystic (Depths:2)
  A storm dragon skeleton (Vaults:1)
  A sixfirhy (Swamp:4)
  6 orb spiders
  A spriggan druid (Swamp:4)
  25 deep trolls
  2 goliath frogs (Swamp:4)
  4 steelbarb worms
  3 swamp dragons
  2 flayed ghosts
  2 phantasmal warriors
  9 lindwurms
  9 deep elf archers
  3 glowing orange brains
  10 wizards
  9 ironbound convokers
  10 deep elf zephyrmancers
  4 necromancers
  15 deep elf pyromancers
  5 harpies
  8 orc knights
  A tengu skeleton (Vaults:4)
  3 orc sorcerers
  10 ugly things
  A fire giant zombie (Depths:2)
  A will-o-the-wisp (Swamp:4)
  5 manticores (Depths:1)
  13 wolf spiders
  4 nameless horrors
  2 stone giant skeletons
  2 moths of wrath (Spider:2)
  17 vault sentinels
  A cane toad (shapeshifter) (Elf:2)
  An elephant (Lair:5)
  A black mamba (Lair:5)
  2 rust devils (Depths:2)
  A naga mage (Vaults:1)
  An orange demon (Swamp:4)
  2 frost giant skeletons
  4 torpor snails
  4 demonic crawlers
  2 yaktaur skeletons (Vaults:3)
  27 yaktaurs
  An ice devil (Depths:2)
  A spriggan skeleton (Depths:2)
  A hellwing (Swamp:4)
  A shadow dragon simulacrum (Vaults:1)
  6 hornets
  A raiju (Lair:5)
  17 tarantellas
  17 slime creatures
  2 tyrant leeches
  9 jumping spiders
  A fire giant simulacrum (Depths:2)
  An elf skeleton (Vaults:3)
  An ettin skeleton (Depths:1)
  7 culicivoras
  A wraith (D:12)
  5 water elementals
  A hog (Vaults:1)
  2 chaos spawn
  2 neqoxecs (Swamp:4)
  34 redbacks
  A vampire mosquito (Swamp:3)
  5 swamp worms
  A glowing shapeshifter zombie (Vaults:4)
  2 hell hounds (Depths:1)
  A floating eye (Depths:2)
  3 swamp drakes (Swamp:2)
  A glowing shapeshifter skeleton (Vaults:3)
  A human zombie (Vaults:4)
  A spriggan simulacrum (Depths:2)
  5 orc warriors
  2 boggarts (Vaults:4)
  An ogre (Depths:2)
  3 human skeletons (Vaults:3)
  A glowing shapeshifter simulacrum (Vaults:1)
  3 earth elementals (Elf:1)
  3 small abominations (Vaults:1)
  2 tengu simulacra
  A vampire bat (Vaults:1)
  7 electric eels
  3 orc priests
  Natasha (D:2)
  An orc wizard (Depths:2)
  A gnoll (D:8)
  An adder (D:5)
  3 white imps
  7 orcs
  4 ball pythons
  5 endoplasms
  2 giant cockroaches
  3 hobgoblins
  4 frilled lizards
  A goblin (D:12)
  A hobgoblin zombie (Ossuary)
  A kobold (D:1)
  A rat (D:1)
  A butterfly (Lair:1)
644 creatures vanquished.

Vanquished Creatures (collateral kills)
  Saint Roka (Depths:2)
  A sphinx (Depths:2)
  A thorn hunter (Swamp:2)
  2 tengu reavers (Vaults:3)
  Gastronok (D:11)
  A fenstrider witch (Swamp:4)
  Louise (Spider:1)
  7 vault wardens
  An emperor scorpion (Spider:4)
  2 deep elf sorcerers (Elf:1)
  An orc warlord (Elf:2)
  A cacodemon (Depths:2)
  A ghost moth (Spider:4)
  6 ironbound preservers
  3 stone giants
  5 ironbound thunderhulks
  3 very ugly things
  2 deep elf demonologists
  An eleionoma (Swamp:1)
  3 dire elephants
  A bunyip (Swamp:4)
  3 entropy weavers
  3 spark wasps
  4 ettins
  3 fire dragons
  A deep elf death mage (Elf:1)
  A shambling mangrove (Swamp:4)
  4 yaktaur captains
  Fannar (Orc:2)
  A deep elf high priest (Elf:1)
  3 great orbs of eyes
  3 boulder beetles
  An ice dragon (Depths:1)
  8 vault guards (D:13)
  Harold (Lair:2)
  8 hydras
  10 centaur warriors
  2 ironbound frosthearts
  2 peacekeepers
  2 ghost crabs
  A radroach (Spider:3)
  A jorogumo (Spider:4)
  2 two-headed ogres
  5 death yaks
  4 ogre magi
  8 dancing weapons
  8 alligators
  A deep troll shaman (Depths:2)
  A death knight (D:14)
  A tengu warrior (D:15)
  A deep troll earth mage (Depths:2)
  6 orc high priests
  A hell knight (Depths:2)
  10 deep elf knights
  A titan skeleton (Vaults:3)
  A soul eater (Swamp:4)
  An iron troll (Depths:2)
  A storm dragon skeleton (Depths:1)
  4 pharaoh ants (Spider:2)
  4 skeletal warriors (Vaults:3)
  5 steelbarb worms
  A flayed ghost (Vaults:4)
  A sun moth (Spider:4)
  2 goliath frogs
  17 deep trolls
  3 swamp dragons
  2 spriggan druids
  A glowing orange brain (Vaults:4)
  A deep elf archer (Elf:2)
  13 orb spiders
  3 wizards
  2 bog bodies
  8 ironbound convokers
  6 lindwurms
  A harpy (Depths:1)
  9 orc knights
  A phantasmal warrior (Depths:2)
  10 deep elf pyromancers
  5 deep elf zephyrmancers (Elf:1)
  10 wolf spiders
  2 manticores
  9 ugly things
  5 orc sorcerers
  4 will-o-the-wisps
  6 cyclopes
  A salamander (Depths:2)
  A worldbinder (Vaults:1)
  A moth of wrath (Spider:4)
  6 vault sentinels
  11 elephants
  Maurice (Orc:2)
  6 black mambas
  A human skeleton (Vaults:4)
  2 stone giant skeletons
  3 torpor snails
  7 cane toads
  A gargoyle (D:13)
  An orange demon (Swamp:4)
  3 demonic crawlers
  A kobold demonologist (D:9)
  6 yaktaurs
  5 rime drakes
  An efreet (D:15)
  10 komodo dragons
  2 trolls
  A tarantella (shapeshifter) (D:15)
  A hellwing (Swamp:4)
  4 meliai
  13 hornets
  5 polar bears (Lair:5)
  5 tyrant leeches
  20 slime creatures
  11 tarantellas
  4 dream sheep (Lair:3)
  3 blink frogs (Lair:1)
  A raiju (Lair:5)
  5 air elementals
  7 culicivoras
  Sigmund (D:6)
  10 spriggans
  2 ettin skeletons
  A spriggan (shapeshifter) (D:15)
  12 jumping spiders
  A vampire (D:13)
  A shadow (D:12)
  3 basilisks
  A water elemental (Elf:1)
  3 wraiths
  26 yaks
  2 wyverns
  29 redbacks
  A chaos spawn (Swamp:4)
  2 steam dragons
  9 wargs
  11 swamp worms
  11 vampire mosquitoes
  2 acid dragons (Lair:5)
  2 swamp drakes (Lair:5)
  11 water moccasins
  12 hell hounds (Lair:5)
  2 floating eyes
  An ice beast (Vaults:1)
  A sky beast (D:7)
  31 orc warriors
  11 black bears
  2 boggarts (Vaults:1)
  20 wolves
  9 centaurs
  11 ogres
  2 kobold brigands
  An elf zombie (Ossuary)
  2 nameless horrors
  14 bullfrogs
  2 scorpions
  2 necrophages
  An earth elemental (Elf:1)
  4 wights (D:8)
  4 killer bees (D:9)
  3 howler monkeys (D:9)
  4 crimson imps (D:7)
  2 centaur zombies (Ossuary)
  23 orc priests
  5 jellies
  A gnoll bouda (D:8)
  3 iguanas (Lair:5)
  Natasha (twice) (D:2)
  31 orc wizards
  A hell rat (Depths:1)
  2 adders
  12 gnolls
  A white imp (D:5)
  An ufetubus (D:5)
  A worm (D:2)
  A dart slug (D:1)
  46 orcs
  6 endoplasms
  A giant cockroach (D:2)
  11 hobgoblins
  3 jackals (D:5)
  5 goblins
  A goblin zombie (Ossuary)
  8 hobgoblin zombies (Ossuary)
  14 kobolds
  8 kobold zombies (Ossuary)
  9 orc zombies (Ossuary)
  4 rats
  3 rat zombies (Ossuary)
  A bush (Lair:5)
  A butterfly (Lair:1)
  A snaplasher vine (Swamp:4)
933 creatures vanquished.

Vanquished Creatures (others)
  An ironbound thunderhulk (Vaults:4)
  Snorg (D:11)
  A hydra (D:15)
  2 boulder beetles
  3 death yaks
  4 two-headed ogres
  A tengu warrior (D:15)
  A spriggan berserker (Swamp:4)
  A deep troll (Vaults:1)
  2 orb spiders (Spider:4)
  A wizard (D:15)
  2 orc knights
  2 ugly things
  2 deep elf zephyrmancers (Elf:1)
  2 cyclopes
  A manticore (D:12)
  3 elephants (Lair:5)
  A gargoyle (D:12)
  4 cane toads
  2 rime drakes
  3 komodo dragons
  A demonic crawler (Spider:4)
  A hellwing (Swamp:4)
  4 polar bears (Lair:5)
  A troll (D:10)
  2 tyrant leeches
  A hornet (D:9)
  3 bloated husks
  2 slime creatures
  A nameless horror (D:15)
  A jumping spider (Lair:3)
  11 yaks
  A vampire (D:9)
  2 wyverns
  A steam dragon (D:4)
  2 vampire mosquitoes (D:10)
  2 redbacks
  A chaos spawn (Swamp:4)
  A swamp worm (Swamp:3)
  Edmund (D:5)
  2 wargs (Lair:5)
  3 hell hounds (Lair:5)
  4 water moccasins
  A swamp drake (Swamp:1)
  2 black bears
  6 orc warriors
  2 ogres
  5 wolves
  A centaur (D:6)
  An elf zombie (Ossuary)
  A bullfrog (Lair:3)
  A gnoll sergeant (D:6)
  2 scorpions (D:6)
  4 wights
  A jelly (D:6)
  2 howler monkeys
  A gnoll bouda (D:5)
  An orc priest (Orc:2)
  2 iguanas
  2 mummies (Ossuary)
  5 gnolls
  2 orcs
  An orc zombie (Ossuary)
  A rat zombie (Ossuary)
  3 bushes (Elf:1)
  27 foxfires
  39 fungi
  83 plants
  62 snaplasher vines
346 creatures vanquished.

Grand Total: 1923 creatures vanquished

Notes
Turn   | Place    | Note
-------+----------+-------------------------------------------
     0 | D:1      | funnyparkerb the Felid Summoner began the quest for the
                  | Orb.
     0 | D:1      | Reached XP level 1. HP: 7/7 MP: 4/4
   238 | D:1      | Reached skill level 3 in Dodging
   238 | D:1      | Reached XP level 2. HP: 11/11 MP: 3/6
   242 | D:1      | Learned a level 2 spell: Call Imp
   790 | D:1      | Reached XP level 3. HP: 14/14 MP: 5/7
   794 | D:1      | Learned a level 3 spell: Call Canine Familiar
   857 | D:1      | Found a faded altar of an unknown god.
  1628 | D:2      | Noticed Natasha
  1642 | D:2      | Killed Natasha
  1848 | D:2      | Noticed Natasha
  1861 | D:2      | Killed Natasha
  1862 | D:2      | Reached XP level 4. HP: 18/18 MP: 4/9
  1942 | D:2      | Learned a level 3 spell: Summon Guardian Golem
  2034 | D:2      | Found Songojao's Assorted Antiques.
  2067 | D:2      | Found the +8 trident of the Octopus King {venom, rElec
                  | rPois}
  2258 | D:2      | Noticed Natasha
  2269 | D:2      | Killed Natasha
  2270 | D:2      | Reached skill level 1 in Hexes
  2270 | D:2      | Reached skill level 5 in Summonings
  2697 | D:3      | Noticed a scorpion
  2718 | D:3      | Killed a scorpion
  2719 | D:3      | Reached XP level 5. HP: 21/21 MP: 4/11
  3315 | D:3      | Found a radiant altar of Vehumet.
  3437 | D:3      | Found a basalt altar of Yredelemnul.
  3490 | D:4      | Noticed a steam dragon
  3510 | D:4      | Killed a steam dragon
  3511 | D:4      | Gained mutation: You are covered in thick fur. (AC +2)
                  | [Felid growth]
  3511 | D:4      | Reached XP level 6. HP: 7/24 MP: 5/13
  3583 | D:4      | Learned a level 4 spell: Summon Lightning Spire
  3750 | D:4      | Found a sand-covered staircase.
  3759 | Ossuary  | Entered an ossuary
  3990 | Ossuary  | Reached skill level 1 in Fighting
  3990 | Ossuary  | Reached skill level 1 in Air Magic
  3990 | Ossuary  | Reached XP level 7. HP: 28/28 MP: 6/14
  4492 | D:4      | Reached skill level 4 in Dodging
  4712 | D:4      | Found a sacrificial altar of Ru.
  4713 | D:4      | Found a shadowy altar of Dithmenos.
  5023 | D:5      | Entered Level 5 of the Dungeon
  5220 | D:5      | Found a white marble altar of Elyvilon.
  5268 | D:5      | Reached skill level 5 in Hexes
  5510 | D:5      | Noticed Edmund
  5538 | D:5      | Killed Edmund
  5539 | D:5      | Reached XP level 8. HP: 34/34 MP: 9/16
  5569 | D:5      | Reached skill level 5 in Spellcasting
  5694 | D:5      | Reached skill level 5 in Dodging
  6806 | D:6      | Reached skill level 6 in Dodging
  7200 | D:6      | Noticed Sigmund
  7211 | D:6      | Killed Sigmund
  7212 | D:6      | Reached XP level 9. HP: 39/39 MP: 12/18
  7466 | D:6      | Found a hazy altar of Hepliaklqana.
  7667 | D:7      | Found a shimmering altar of Xom.
  8024 | D:7      | Reached skill level 7 in Dodging
  8072 | D:7      | Found a staircase to the Ecumenical Temple.
  8083 | Temple   | Entered the Ecumenical Temple
  8098 | Temple   | Became a worshipper of Gozag Ym Sagoz the Greedy
  8158 | D:7      | Noticed a moth of wrath
  8166 | D:7      | Found a transporter.
  8172 | D:7      | Found a transporter.
  8178 | D:7      | Noticed a troll
  8182 | D:7      | Found a bloodstained altar of Trog.
  8182 | D:7      | Noticed KittyFluff's ghost (novice GrBe)
  8357 | D:7      | Identified the +0 chain mail of Adetwi {rElec Will+ Int+3
                  | SInv}
  8910 | D:8      | Noticed a two-headed ogre
  8933 | D:8      | Killed a two-headed ogre
  8934 | D:8      | Reached skill level 5 in Fighting
  9015 | D:8      | Found a broken altar of Ashenzari.
  9149 | D:8      | Reached skill level 8 in Dodging
  9309 | D:8      | Found a stormy altar of Qazlal.
  9339 | D:8      | Found an ancient bone altar of Kikubaaqudgha.
  9614 | D:9      | Found an iron altar of Okawaru.
  9651 | D:9      | Noticed a kobold demonologist
  9658 | D:9      | Reached XP level 10. HP: 44/44 MP: 11/21
  9667 | D:9      | Reached skill level 5 in Air Magic
  9796 | D:9      | Paralysed by a hornet for 1 turns
  9900 | D:9      | Noticed a two-headed ogre
  9907 | D:9      | Noticed a two-headed ogre
 10888 | D:9      | Killed a two-headed ogre
 10889 | D:9      | Reached skill level 9 in Dodging
 10977 | D:10     | Entered Level 10 of the Dungeon
 11301 | D:10     | Reached XP level 11. HP: 49/49 MP: 9/23
 11543 | D:10     | Found Dees's General Store.
 11552 | D:10     | Bought a potion of curing for 45 gold pieces
 11631 | D:10     | Found a burning altar of Makhleb.
 12363 | D:10     | Noticed a cyan ugly thing
 12385 | D:10     | Killed a cyan ugly thing
 12386 | D:10     | Reached skill level 10 in Dodging
 12470 | D:10     | Identified the +0 helmet of the Special Nightmares {rPois
                  | Dex+4}
 12597 | D:10     | Noticed a two-headed ogre
 12604 | D:10     | Killed a two-headed ogre
 12853 | D:10     | Found a staircase to the Lair.
 12878 | D:10     | Found a shimmering blue altar of Sif Muna.
 12943 | D:11     | Noticed a two-headed ogre
 13698 | D:11     | Reached skill level 11 in Dodging
 13706 | D:11     | Reached skill level 10 in Summonings
 14094 | D:11     | Killed a two-headed ogre
 14235 | D:11     | Noticed Snorg
 14252 | D:11     | Learned a level 3 spell: Swiftness
 14257 | D:11     | Learned a level 4 spell: Anguish
 14314 | D:11     | Noticed Gastronok
 14333 | D:11     | Killed Gastronok
 14334 | D:11     | Reached skill level 1 in Necromancy
 14334 | D:11     | Gained mutation: Your thick and shaggy fur keeps you warm.
                  | (AC +3, rC+) [Felid growth]
 14334 | D:11     | Reached XP level 12. HP: 56/56 MP: 12/26
 14436 | D:11     | Killed Snorg
 14841 | Lair:1   | Entered Level 1 of the Lair of Beasts
 14844 | Lair:1   | Bought a Fen Folio for 672 gold pieces
 14850 | Lair:1   | Learned a level 5 spell: Summon Forest
 14900 | Lair:1   | Reached skill level 1 in Translocations
 15548 | Lair:1   | Reached skill level 12 in Dodging
 16311 | Lair:2   | You fall into a shaft and drop 2 floors!
 16360 | Lair:3   | Noticed a boulder beetle
 16382 | Lair:3   | Killed a boulder beetle
 16485 | Lair:2   | Noticed a death yak
 16487 | Lair:2   | Noticed a death yak
 16619 | Lair:2   | Reached skill level 5 in Translocations
 16626 | Lair:2   | Killed a death yak
 16868 | Lair:2   | Killed a death yak
 17473 | Lair:2   | Found a staircase to the Swamp.
 17483 | Lair:2   | Noticed Harold
 17492 | Lair:2   | Killed Harold
 17962 | Lair:3   | Reached XP level 13. HP: 13/60 MP: 11/27
 18296 | Lair:3   | Found a hole to the Spider Nest.
 19189 | Lair:3   | Bought a scroll of identify for 28 gold pieces
 19189 | Lair:3   | Bought a scroll of identify for 28 gold pieces
 19189 | Lair:3   | Bought a scroll of fear for 56 gold pieces
 19189 | Lair:3   | Bought a scroll of teleportation for 42 gold pieces
 19371 | Lair:4   | Reached skill level 10 in Spellcasting
 19645 | Lair:4   | Found a staircase to the Slime Pits.
 19695 | Lair:4   | Learned a level 7 spell: Dragon Form
 19814 | Lair:4   | Found the +5 robe of Misfortune {Harm *Corrode *Slow EV+5}
 20240 | Lair:5   | Entered Level 5 of the Lair of Beasts
 20258 | Lair:5   | Reached skill level 13 in Dodging
 20273 | Lair:5   | Reached skill level 1 in Transmutations
 20485 | Lair:5   | Reached skill level 5 in Necromancy
 20491 | Lair:5   | Reached skill level 10 in Fighting
 20699 | Lair:5   | Reached skill level 10 in Translocations
 21554 | Lair:5   | Reached skill level 14 in Dodging
 21566 | Lair:5   | Reached skill level 5 in Transmutations
 21623 | Lair:5   | Reached XP level 14. HP: 66/66 MP: 9/29
 23745 | Lair:5   | Reached skill level 15 in Dodging
 25859 | D:12     | Found a staircase to the Orcish Mines.
 26965 | Orc:1    | Entered Level 1 of the Orcish Mines
 27263 | Orc:2    | Entered Level 2 of the Orcish Mines
 27547 | Orc:2    | Found a staircase to the Elven Halls.
 28289 | Orc:2    | Found Utwiril's Jewellery Shop.
 28289 | Orc:2    | Found Jehaok's Distillery.
 28290 | Orc:2    | Found Nyaxop's Book Boutique.
 28308 | Orc:2    | Found Utainnynuo's Antique Weapon Boutique.
 28330 | Orc:2    | Bought a book of the Sky for 528 gold pieces
 28330 | Orc:2    | Bought a book of the Wilderness for 456 gold pieces
 28338 | Orc:2    | Learned a level 6 spell: Summon Cactus Giant
 28346 | Orc:2    | Learned a level 5 spell: Summon Mana Viper
 28898 | Orc:2    | Noticed Maurice
 28904 | Orc:2    | Killed Maurice
 30208 | Orc:1    | Found Plog's General Store.
 30215 | Orc:1    | Bought 2 scrolls of fear for 104 gold pieces
 30215 | Orc:1    | Bought a scroll of identify for 26 gold pieces
 30315 | Orc:1    | Noticed Fannar
 30336 | Orc:2    | Killed Fannar
 30337 | Orc:2    | Reached skill level 16 in Dodging
 30662 | D:13     | Found a gate to the Vaults.
 30675 | D:13     | Reached XP level 15. HP: 73/73 MP: 3/30
 31522 | D:13     | Found Etuoschaaru's General Store.
 31525 | D:13     | Bought a scroll of silence for 133 gold pieces
 32195 | D:14     | Reached skill level 10 in Transmutations
 34360 | D:14     | Found an ornate altar of the Wu Jian Council.
 34798 | D:15     | Entered Level 15 of the Dungeon
 35350 | D:15     | HP: 1/73 [meliai/divine providence (15)]
 36567 | D:15     | Found a staircase to the Depths.
 36664 | D:15     | Reached skill level 10 in Air Magic
 36908 | D:15     | Bought a scroll of teleportation for 33 gold pieces
 36908 | D:15     | Bought a scroll of fear for 44 gold pieces
 36908 | D:15     | Bought a scroll of magic mapping for 82 gold pieces
 36923 | D:14     | Learned a level 7 spell: Storm Form
 37066 | Swamp:1  | Entered Level 1 of the Swamp
 38547 | Swamp:2  | Noticed a thorn hunter
 38555 | Swamp:2  | Reached XP level 16. HP: 33/77 MP: 8/31
 38557 | Swamp:2  | Killed a thorn hunter
 39297 | Swamp:2  | Killed from afar by a will-o-the-wisp
 39298 | Swamp:2  | Reached XP level 15. HP: -5/73 MP: 20/30
 41208 | Swamp:4  | Entered Level 4 of the Swamp
 41211 | Swamp:4  | Noticed a tentacled monstrosity
 41496 | Swamp:4  | Killed a tentacled monstrosity
 41497 | Swamp:4  | Reached skill level 1 in Unarmed Combat
 42232 | Swamp:4  | Noticed Bai Suzhen
 42259 | Swamp:4  | Killed Bai Suzhen
 42398 | Swamp:4  | Reached skill level 17 in Dodging
 42539 | Swamp:4  | Noticed a fenstrider witch
 42552 | Swamp:4  | Killed a fenstrider witch
 43019 | Swamp:4  | Reached XP level 16. HP: 78/78 MP: 31/31
 43238 | Swamp:4  | Paralysed by an ogre mage for 5 turns
 43249 | Swamp:4  | Slain by a spriggan berserker
 43250 | Swamp:4  | Reached XP level 15. HP: -2/74 MP: 13/30
 43272 | Swamp:4  | Noticed a fenstrider witch
 43279 | Swamp:4  | Killed a fenstrider witch
 44155 | Swamp:4  | Got a decaying rune of Zot
 44255 | Spider:1 | Entered Level 1 of the Spider Nest
 44292 | Spider:1 | Noticed Louise
 44302 | Spider:1 | Killed Louise
 46100 | Spider:2 | Reached skill level 15 in Transmutations
 47857 | Spider:2 | Reached skill level 5 in Unarmed Combat
 48119 | Spider:2 | Reached XP level 16. HP: 79/79 MP: 19/31
 49008 | Spider:2 | Bought a book of Spatial Translocations for 338 gold pieces
 49115 | Spider:2 | Learned a level 5 spell: Manifold Assault
 51288 | Spider:4 | Entered Level 4 of the Spider Nest
 51288 | Spider:4 | Noticed Roxanne
 51493 | Spider:4 | Reached skill level 18 in Dodging
 54061 | Spider:4 | Learned a level 2 spell: Blink
 54073 | Spider:4 | Reached XP level 17. HP: 63/83 MP: 18/33
 54935 | Spider:4 | Got a gossamer rune of Zot
 55260 | Elf:1    | Entered Level 1 of the Elven Halls
 55532 | Elf:1    | Noticed an Ice Fiend
 56606 | Elf:1    | Found a corrupted altar of Lugonu.
 57297 | Elf:1    | You are sucked into a shaft and drop 1 floor!
 57299 | Elf:2    | Found a runed translucent gate.
 57303 | Elf:2    | Found Hanim's Armour Shop.
 57432 | Elf:1    | Paralysed by an air elemental for 1 turns
 58357 | Elf:2    | Paralysed by an air elemental for 1 turns
 59983 | Elf:2    | Found a runed translucent door.
 59983 | Elf:2    | Found a shimmering altar of Xom.
 59983 | Elf:2    | Noticed Cuucabuana's ghost (veteran MiGl)
 60106 | Elf:2    | Found a runed translucent gate.
 60107 | Elf:2    | Found a runed translucent gate.
 60739 | Elf:2    | Reached XP level 18. HP: 84/88 MP: 20/35
 60903 | Vaults:1 | Entered Level 1 of the Vaults
 61810 | Vaults:1 | HP: 3/88 [ironbound frostheart (34)]
 62371 | Vaults:1 | Reached skill level 19 in Dodging
 63315 | Vaults:1 | Reached skill level 15 in Translocations
 63320 | Vaults:1 | Learned a level 4 spell: Summon Lightning Spire
 63390 | Vaults:1 | Noticed a bone dragon
 63401 | Vaults:1 | Killed a bone dragon
 63671 | Vaults:1 | Slain by a juggernaut simulacrum
 63672 | Vaults:1 | Reached XP level 17. HP: 0/84 MP: 8/34
 63833 | Vaults:1 | Reached skill level 15 in Air Magic
 64009 | Vaults:1 | Reached skill level 15 in Fighting
 64127 | Vaults:1 | Slain by a juggernaut simulacrum
 64128 | Vaults:1 | Reached XP level 16. HP: -5/81 MP: 16/33
 64458 | Vaults:1 | Got the Omnibus of Mortification
 65641 | Vaults:2 | Found a flickering gateway to a bazaar.
 65684 | Bazaar   | Entered a bazaar
 65792 | Bazaar   | Found Hacigok's Jewellery Shop.
 65806 | Bazaar   | Found Jiphonus's Antique Armour Shop.
 65846 | Bazaar   | Bought the amulet of Reimbursement {Reflect Fly rC+ Str-5
                  | SH+5} for 320 gold pieces
 65846 | Bazaar   | Bought the ring of Eluxt {Drain rC+ MP+9 Str+4 Slay+5} for
                  | 672 gold pieces
 66372 | Vaults:2 | Reached XP level 17. HP: 85/85 MP: 25/34
 67162 | Vaults:2 | Reached skill level 10 in Unarmed Combat
 68948 | Vaults:3 | Noticed Frederick
 68958 | Vaults:3 | Killed Frederick
 69605 | Vaults:3 | Reached skill level 20 in Dodging
 69754 | Vaults:3 | Noticed Sojobo
 70547 | Vaults:3 | Identified the +8 whip of Spite {venom, rElec rPois rC-
                  | rCorr Dex+3}
 71004 | Vaults:3 | Killed Sojobo
 71483 | Vaults:3 | Reached XP level 18. HP: 90/90 MP: 25/35
 71491 | Vaults:3 | Noticed a Brimstone Fiend
 71895 | Vaults:3 | Found Fenifeiwn's Assorted Antiques.
 72093 | Vaults:3 | Bought a potion of invisibility for 368 gold pieces
 72093 | Vaults:3 | Bought a potion of invisibility for 368 gold pieces
 72093 | Vaults:3 | Bought a potion of curing for 138 gold pieces
 72803 | Vaults:3 | Found a staircase to the Crypt.
 73649 | Vaults:4 | Found Aseruumm's Armour Emporium.
 73718 | Vaults:4 | Found Vuenuq's General Store.
 74286 | Vaults:4 | Found Fegiwie's Distillery.
 74540 | Vaults:4 | Identified the +9 scimitar of the Radish {flame, Int+8}
 75386 | Vaults:4 | Bought a potion of invisibility for 112 gold pieces
 75386 | Vaults:4 | Bought a potion of cancellation for 112 gold pieces
 75386 | Vaults:4 | Bought a potion of invisibility for 112 gold pieces
 75707 | Vaults:4 | Found Okucis's Book Shoppe.
 76060 | Vaults:4 | Reached skill level 21 in Dodging
 77426 | Vaults:4 | Reached XP level 19. HP: 81/95 MP: 27/36
 78375 | Depths:1 | Entered Level 1 of the Depths
 78864 | Depths:1 | Found a one-way gateway to a ziggurat.
 78897 | Depths:1 | Found a runed translucent door.
 78902 | Depths:1 | Found a gateway to Hell.
 79328 | Depths:1 | Reached skill level 15 in Unarmed Combat
 80071 | Depths:1 | Paralysed by a sphinx for 5 turns
 80786 | Depths:1 | Found a one-way gate leading to the halls of Pandemonium.
 81043 | Depths:2 | Identified the ring "Yzyeh" {Ice Will+ Slay+5}
 81043 | Depths:2 | Noticed Josephina
 81057 | Depths:2 | Killed Josephina
 81670 | Depths:2 | Found a one-way gate to the infinite horrors of the Abyss.
 81692 | Depths:2 | Noticed Saint Roka
 81696 | Depths:2 | Slain by Saint Roka
 81697 | Depths:2 | Reached XP level 18. HP: -4/93 MP: 12/44
 81725 | Depths:2 | Killed Saint Roka
 82008 | Depths:2 | Found a radiant altar of Vehumet.
 82201 | Depths:2 | Noticed a walking earthen tome
 82219 | Depths:2 | Killed a walking earthen tome
 83461 | Depths:2 | Reached XP level 19. HP: 78/97 MP: 36/36
 83463 | Depths:2 | Paralysed by a floating eye for 2 turns
 85564 | Depths:2 | HP: 1/97 [ettin/+0 dire flail (41)]
 85568 | Depths:2 | Annihilated by an ettin

Illustrated notes

Levels and vault maps discovered:
D:1:      dpeg_arrival_ternary, layout_rooms,
          dreamdust_ecumenical_altar_angels_and_demons
D:2:      layout_loops_corners, serial_shops, nicolae_lakefront_shop,
          minmay_crystal_room, kennysheep_cross_room, uniq_natasha
D:3:      layout_loops_ring, lemuel_doored_altar, lemuel_round_altar,
          minivault_26
D:4:      layout_rooms, grunt_dithmenos_smoke, hangedman_ru_absence,
          chequers_ossuary_entry_cave, serial_forest,
          infiniplex_forest_lined_corner, infiniplex_forest_lined_1,
          infiniplex_forest_lined_2, infiniplex_forest_corner_1,
          infiniplex_forest_straight_3, infiniplex_forest_lined_room_3,
          corexii_hall_statues_i, minmay_curled_crystal
D:5:      layout_rooms, elyvilon_altar_5, uniq_edmund
D:6:      layout_basic, nicolae_hepliaklqana_hippocampus,
          kennysheep_flooded_box, uniq_sigmund
D:7:      layout_loops_ring, led_xom_imps,
          minmay_temple_entry_statues_fountains,
          gammafunk_ghost_wrathful_warriors, kennysheep_generic_room_4
D:8:      layout_cave_pools, ashenzari_altar_1, mainiacjoe_overflow_two_lobes
D:9:      kennysheep_windowed_halls, layout_loops_ring,
          mainiacjoe_overflow_brackets
D:10:     layout_cave_pods, lemuel_crystal_altar, lemuel_blue_sif_altar,
          grunt_lair_entry_orc_guard_hut, serial_shops, nicolae_shop_statue_plus
D:11:     layout_basic, uniq_snorg, uniq_gastronok
D:12:     layout_long_grid, erik_orc_3
D:13:     layout_irregular_city, erik_vaults_2, serial_shops,
          kennysheep_mini_moat
D:14:     kennysheep_room_grid, layout_loops_ring, nicolae_wu_jian_wuxing_cycle,
          minivault_15
D:15:     hangedman_depths_entry_civil_slaughter, layout_gridville
Temple:   corrupted_temple
Lair:1:   layout_cave_pods, lemuel_fruit_fields, grunt_megastairs_1
Lair:2:   layout_cave_shapes, swamp_mist, lemuel_fruit_fields, uniq_harold
Lair:3:   layout_regular_city, spider_nest_entry_a, infiniplex_staircase_pool_2
Lair:4:   layout_hall_layers, nicolae_slime_entry_slimehenge,
          nicolae_quartered_pool_super
Lair:5:   guppyfry_lair_end_dragon, layout_gridlike,
          hangedman_lair_caniforms_friends, grunt_megastairs_4
Swamp:1:  layout_basic_swamp, hangedman_swamp_pad, swamp_pool1
Swamp:2:  layout_basic_swamp, evilmike_swamp_ruin_rubble_1, swamp_pool5,
          infiniplex_staircase_pool
Swamp:3:  layout_falls_marsh, evilmike_swamp_ruin_house_2
Swamp:4:  nzn_swamp_witches_coven, layout_basic_swamp, uniq_bai_suzhen
Spider:1: layout_spider_delve, drop_trap, uniq_louise
Spider:2: nicolae_spider_hilbert_zone_2 [nicolae_spider_hilbert_4_sides_1_open,
          nicolae_spider_hilbert_4_sides_1_open,
          nicolae_spider_hilbert_4_sides_1_open,
          nicolae_spider_hilbert_4_sides_1_open,
          nicolae_spider_hilbert_6_sides_1_open,
          nicolae_spider_hilbert_6_sides_1_open,
          nicolae_spider_hilbert_3_sides_1_open,
          nicolae_spider_hilbert_3_sides_1_open,
          nicolae_spider_hilbert_3_sides_1_open,
          nicolae_spider_hilbert_3_sides_1_open,
          nicolae_spider_hilbert_6_sides_1_open,
          nicolae_spider_hilbert_6_sides_1_open,
          nicolae_spider_hilbert_6_sides_1_open,
          nicolae_spider_hilbert_6_sides_1_open], guppyfry_spider_mini_1
Spider:3: cheibrodos_forgotten_conduit
Spider:4: grunt_spider_rune_island, nicolae_spider_circle_web, uniq_roxanne
Orc:1:    layout_caves, serial_shops, shop, uniq_fannar
Orc:2:    st_orc_mages, layout_diamond_mine, nicolae_orc_stony_grotto,
          uniq_maurice
Elf:1:    elf_arrival_002, layout_geoelf_diagonals, hangedman_elf_represent,
          serial_sigils_hangedman_etch, nicolae_elf_theology_debate,
          grunt_megastairs_2
Elf:2:    nicolae_elf_blades_crystal_corner, layout_gridlike, special_room
          [special_room_orc], ebering_ghost_xom, serial_shops, shop
Vaults:1: hangedman_vaults_slice, vaults_dpeg_spiral, vaults_room_octagon,
          vaults_mumra_chevron_long, hangedman_vaults_hat, v_rooms_1,
          vaults_dpeg_diagonal, v_alt_pattern_2, hangedman_vaults_variations,
          v_misc_18, ontoclasm_vaults_shuriken, layout_vaults_omnibox,
          serial_hangedman_research, hangedman_research_metamorphosis,
          hangedman_research_convocations, hangedman_research_thanatology
Vaults:2: v_misc_5, v_misc_24, v_rooms_3, nicolae_vaults_little_squares_4,
          v_alt_pattern_1, hangedman_vaults_cutoff,
          ontoclasm_vaults_ring_square, ontoclasm_vaults_ring_small,
          vaults_room_door_ring, vaults_room_corners, v_pattern_1,
          vaults_room_fours, layout_vaults_omnicross, serial_shops,
          bzr_entry_lakeside
Vaults:3: v_alt_pattern_4, v_misc_25, st_squares,
          minmay_crypt_entry_skeletal_spiral, ontoclasm_vaults_hangar,
          ontoclasm_vaults_misaligned, vaults_room_stairs_pillars,
          layout_vaults_chaotic_city, serial_shops, nicolae_diamond_shop,
          uniq_frederick, uniq_sojobo
Vaults:4: nicolae_vaults_big_ls, v_misc_11, v_misc_24, vaults_dpeg_ring,
          v_misc_13, hangedman_vaults_locks, v_rooms_5,
          nicolae_vaults_circle_grid_b, v_pattern_5, st_quartered_hall,
          dpeg_vaults_monster_box, ontoclasm_vaults_twist, v_alt_pattern_4,
          nicolae_vaults_ring_of_whatevers, nicolae_vaults_diagonal_hallway_8,
          vaults_room_semicircle, layout_vaults_maze, serial_shops,
          nicolae_shop_statue_plus, nicolae_shop_behind_doors,
          nicolae_shop_stone, nicolae_shop_statue_plus
Depths:1: layout_long_grid, enter_ziggurat_f, hell_entry, special_room
          [special_room_mythical_zoo], grunt_pan_entry_spiral,
          minmay_misc_feat_tower, minmay_acid_items, kennysheep_random_hallway
Depths:2: hangedman_cross_veins, layout_cave_shapes, hell_entry,
          rand_demon_pan_entry_9, abyss_entry, minmay_crystal_water,
          nicolae_vehumet_altar_sigil, uniq_saint_roka, uniq_josephina
Depths:3: kb_forest_paths, layout_cave_pools, minmay_tree_intersection,
          minmay_room_of_horrors, hell_entry, grunt_tower_of_power

Skill      XL: |  1  2  3  4  5  6  7  8  9 10 11 12 13 14 15 16 17 18 19 |
---------------+----------------------------------------------------------+-----
Stealth        | 3 |  3.1
Dodging        | 3 4 6 8 9 11 12 14 16 17 18 20 21 | 21.0
Spellcasting   | 3 4 5 6 7 9 10 11 12 13 | 13.3
Hexes          | 2 3 4 5 7 8 |  8.0
Summonings     | 5 6 7 8 9 10 | 10.0
Fighting       | 1 2 4 5 6 8 9 10 12 13 14 15 16 18 | 18.2
Air Magic      | 1 2 3 4 6 7 11 13 15 16 | 16.0
Necromancy     | 1 4 5 |  5.0
Translocations | 7 10 11 13 15 | 15.0
Transmutations | 5 9 15 16 | 16.0
Unarmed Combat | 5 6 11 14 16 | 16.3

Action                   |  1- 3 |  4- 6 |  7- 9 | 10-12 | 13-15 | 16-18 | 19-21 || total
-------------------------+-------+-------+-------+-------+-------+-------+-------++-------
Melee: Unarmed           |    43 |    30 |   128 |    33 |   494 |  1560 |   293 ||  2581
       Bite              |    10 |     6 |    14 |     5 |    24 |     1 |       ||    60
       Punch             |       |     1 |       |     1 |    15 |    81 |    28 ||   126
 Cast: Summon Small Mamm |    16 |       |     2 |       |    40 |       |       ||    58
       Call Imp          |    13 |    15 |    22 |    38 |    46 |       |       ||   134
       Call Canine Famil |     2 |    11 |    47 |    49 |    74 |       |       ||   183
       Summon Guardian G |       |     4 |    49 |    61 |   125 |    11 |       ||   250
       Summon Lightning  |       |       |    12 |    55 |    74 |    15 |     2 ||   158
       Swiftness         |       |       |       |     3 |     6 |       |       ||     9
       Anguish           |       |       |       |    12 |    25 |     2 |       ||    39
       Summon Forest     |       |       |       |     9 |   152 |   120 |    19 ||   300
       Summon Cactus Gia |       |       |       |       |    92 |   118 |    27 ||   237
       Summon Mana Viper |       |       |       |       |    99 |    82 |    10 ||   191
       Storm Form        |       |       |       |       |    51 |   194 |    40 ||   285
       Manifold Assault  |       |       |       |       |       |   296 |    50 ||   346
Invok: Call Merchant     |       |       |       |     1 |     5 |     1 |     1 ||     8
 Abil: Blinkbolt         |       |       |       |       |     9 |    53 |    28 ||    90
Evoke: Wand              |       |       |       |     9 |     5 |       |       ||    14
  Use: Scroll            |       |       |    10 |    12 |    16 |    11 |     2 ||    51
       Potion            |       |       |       |     1 |     5 |    13 |     1 ||    20
 Stab: Sleeping          |     1 |     1 |     1 |       |     1 |     2 |       ||     6
       Distracted        |       |       |     3 |       |    21 |    29 |     5 ||    58
Armor: Skin              |     3 |    13 |    27 |     4 |    64 |   145 |    24 ||   280
Dodge: Dodged            |    31 |    34 |   146 |   103 |   846 |  1432 |   323 ||  2915
Block: Other             |       |       |       |       |   112 |   254 |    67 ||   433
       Reflection        |       |       |       |       |     3 |    23 |     1 ||    27
